 Dungeon Crawl Stone Soup version 0.31-a0-1074-g0b22e4e0f1 (webtiles) character file.

Game seed: 6893989739882417160

920 Fodor the Covered (level 7, -3/61 HPs)
             Began as a Minotaur Fighter on Dec 2, 2023.
             Slain by a water moccasin (8 damage)
             ... on level 6 of the Dungeon.
             The game lasted 00:22:54 (5221 turns).

Fodor the Covered (Minotaur Fighter)                Turns: 5221, Time: 00:22:54

Health: -3/61      AC: 10    Str: 22      XL:     7   Next: 83%
Magic:  6/6        EV:  8    Int:  3 (5)  God:
Gold:   402        SH:  4    Dex:  9 (10) Spells: 6/6 levels left

rFire   + . .        a - +0 war axe
rCold   + . .        c - +0 buckler
rNeg    . . .        d - +0 chain mail
rPois   +            (helmet restricted)
rElec   +            (no cloak)
rCorr   +            (no gloves)
SInv    .            (no boots)
Will    .....        (no amulet) Stlth
                     (no ring)
HPRegen 0.30/turn    (no ring)
MPRegen 0.10/turn

%: no passive effects
@: lethally poisoned (-3 -> -4), resistant
A: horns 2, retaliatory headbutt
a: no special abilities


You were on level 6 of the Dungeon.
You visited 1 branch of the dungeon, and saw 6 of its levels.

You collected 402 gold pieces.

Inventory:

Hand Weapons
 a - a +0 war axe (weapon)
Missiles
 f - 2 datura-tipped darts
 h - a curare-tipped dart (quivered)
 j - a throwing net
 m - 2 boomerangs
 p - 6 poisoned darts
Armour
 c - a +0 buckler (worn)
 d - a +0 chain mail (worn)
Wands
 b - a wand of polymorph (7)
Scrolls
 e - 9 scrolls of identify {unknown}
 i - a scroll of butterflies {unknown}
 k - a scroll of fear {unknown}
 l - 2 scrolls of fog {unknown}
 n - 2 scrolls of amnesia {unknown}
 o - a scroll of poison {unknown}
 q - a scroll of vulnerability {unknown}
 s - a scroll of revelation {unknown}
 u - a scroll of teleportation {unknown}
Potions
 t - a potion of degeneration


   Skills:
 + Level 5.3 Fighting
 + Level 6.4 Axes
 + Level 1.6 Throwing
 + Level 7.3 Armour
 + Level 1.8 Dodging
 + Level 0.6 Stealth
 + Level 4.8 Shields


You had 6 spell levels left.
You didn't know any spells.
Your spell library was empty.

Dungeon Overview and Level Annotations

Branches:
Dungeon (6/15)
 Temple: D:4-7

Altars:
Dithmenos
Xom
Yredelemnul

Shops:
D:2 [


Innate Abilities, Weirdness & Mutations

You have a pair of horns on your head.
You reflexively headbutt those who attack you in melee.


Message History

The water moccasin is lightly wounded.
You feel very sick. The water moccasin bites you!
The water moccasin barely misses you.
You slash the water moccasin!
The water moccasin is heavily wounded.
You feel very sick. The water moccasin barely misses you.
You furiously retaliate!
You headbutt the water moccasin, but do no damage.
You barely miss the water moccasin.
The water moccasin is heavily wounded.
You feel very sick. The water moccasin misses you.
The water moccasin bites you.
* * * LOW HITPOINT WARNING * * *
You hit the water moccasin.
Your headbutt misses the water moccasin.
The water moccasin is heavily wounded.
You feel sick. The water moccasin closely misses you.
The water moccasin barely misses you.
You hit the water moccasin but do no damage.
Your headbutt misses the water moccasin.
The water moccasin is heavily wounded.
You feel sick.
The water moccasin bites you but does no damage.
You barely miss the water moccasin.
The water moccasin is heavily wounded.
You feel sick. The water moccasin barely misses you.
The water moccasin bites you.
* * * LOW HITPOINT WARNING * * *
You miss the water moccasin.
Your headbutt misses the water moccasin.
The water moccasin is heavily wounded.
You feel sick. You block the water moccasin's attack.
The water moccasin bites you but does no damage.
It was a potion of resistance.
You feel protected.
You feel sick. The water moccasin barely misses you.
You completely miss the water moccasin.
The water moccasin is heavily wounded.
You feel sick. The water moccasin bites you!
You die...

...##########
......##....## ####
#.......>....#####..#
###......[.###..#...###
##.......#..........# #
#.................## #
#..................# #
##.....#......#...## #
#..#....##..@#...#
..........###S###.#
............ ≈.≈ .#
............#≈.8. .#
##........§.8.≈###
.#§≈.≈# .###+## .


You could see a water moccasin.

Vanquished Creatures
  Prince Ribbit (D:6)
  Sigmund (D:5)
  The ghost of grandjackal the Slasher, an amateur DjRe (D:3)
  A kobold brigand (D:6)
  2 orc priests (D:3)
  A hound (D:5)
  4 iguanas
  An orc wizard (D:3)
  A scorpion zombie (D:3)
  A gnoll (D:1)
  8 adders
  A white imp (D:5)
  2 dart slugs
  13 orcs
  7 ball pythons
  4 bats
  4 endoplasms
  A giant cockroach (D:3)
  4 goblins
  8 hobgoblins
  5 quokkas
  A ball python zombie (D:3)
  2 frilled lizards
  9 kobolds
  4 rats
87 creatures vanquished.

Notes
Turn   | Place    | Note
-------+----------+-------------------------------------------
     0 | D:1      | Fodor the Minotaur Fighter began the quest for the Orb.
     0 | D:1      | Reached XP level 1. HP: 19/19 MP: 0/0
   295 | D:1      | Reached XP level 2. HP: 27/27 MP: 1/1
   371 | D:1      | Reached skill level 4 in Armour
   781 | D:1      | Reached XP level 3. HP: 33/33 MP: 2/2
  1452 | D:2      | Found Daggun's Antique Armour Shoppe.
  1907 | D:3      | Reached XP level 4. HP: 40/40 MP: 3/3
  1946 | D:3      | Reached skill level 5 in Armour
  1946 | D:3      | Reached XP level 5. HP: 10/46 MP: 4/4
  2305 | D:3      | Found a runed translucent gate.
  2305 | D:3      | Found a runed translucent gate.
  2305 | D:3      | Found a runed translucent gate.
  2305 | D:3      | Noticed grandjackal's ghost (amateur DjRe)
  2306 | D:3      | Found a basalt altar of Yredelemnul.
  2352 | D:3      | Killed grandjackal's ghost
  2523 | D:3      | Reached XP level 6. HP: 53/53 MP: 5/5
  2562 | D:3      | Reached skill level 5 in Axes
  3098 | D:4      | Reached skill level 6 in Armour
  3173 | D:4      | Reached skill level 1 in Dodging
  4145 | D:5      | Entered Level 5 of the Dungeon
  4233 | D:5      | Found a shimmering altar of Xom.
  4314 | D:5      | Found a shadowy altar of Dithmenos.
  4378 | D:5      | Noticed Sigmund
  4401 | D:5      | Killed Sigmund
  4402 | D:5      | Reached skill level 5 in Fighting
  4402 | D:5      | Reached XP level 7. HP: 23/61 MP: 6/6
  4802 | D:6      | HP: 2/61 [kobold brigand/+0 short sword (3)]
  4912 | D:6      | Noticed Prince Ribbit
  4925 | D:6      | Killed Prince Ribbit
  4926 | D:6      | Reached skill level 1 in Throwing
  4926 | D:6      | Reached skill level 7 in Armour
  5221 | D:6      | Slain by a water moccasin

Illustrated notes

Levels and vault maps discovered:
D:1:      psy_arrival_spokes, layout_loops_corners
D:2:      layout_basic, serial_shops, nicolae_shop_rolling_square
D:3:      layout_basic, nicolae_yredelemnul_ghost_church,
          kennysheep_generic_room_9
D:4:      layout_gridville
D:5:      layout_rooms, amcnicky_altar_gilded, kennysheep_mini_moat,
          uniq_sigmund
D:6:      layout_cave_pools, mainiacjoe_overflow_concentric_impassable,
          nzn_wu_jian_contemplation, serial_shops,
          nicolae_shop_industrial_runoff, kennysheep_generic_room_14,
          uniq_prince_ribbit1, uniq_blork_the_orc, uniq_edmund

Skill      XL: |  1  2  3  4  5  6  7 |
---------------+----------------------+-----
Armour         | 4 5 6 7 |  7.3
Fighting       | 4 5 |  5.3
Shields        | 4 |  4.8
Axes           | 3 4 5 6 |  6.4
Dodging        | 1 |  1.8
Throwing       | 1 |  1.6
Stealth        | |  0.6

Action                     |  1- 3 |  4- 6 |  7- 9 || total
---------------------------+-------+-------+-------++-------
  Melee: War axe           |    62 |   162 |    68 ||   292
         Headbutt          |     7 |    14 |     5 ||    26
  Throw: Dart              |     2 |     3 |     4 ||     9
         Boomerang         |       |       |    12 ||    12
    Use: Potion            |       |     1 |     7 ||     8
 Armour: Scale mail        |    37 |    81 |       ||   118
         Chain mail        |       |    81 |    88 ||   169
         Skin              |       |       |    22 ||    22
  Dodge: Dodged            |    27 |    56 |    40 ||   123
  Block: Buckler           |    21 |    30 |    19 ||    70

Table legend: (Time is in decaauts)
 A = Elapsed time spent in this place.
 B = Non-inter-level travel time spent in this place.
 C = Inter-level travel time spent in this place.
 D = Time resting spent in this place.
 E = Time spent auto-exploring this place.
 F = Levels seen in this place.
 G = Mean time per level.
                   A        B        C        D        E       F      G
               +--------+--------+--------+--------+--------+-----+--------+
         Total |   5317 |   5083 |    234 |   1099 |      0 |   6 |  886.2 |
       Dungeon |   5317 |   5083 |    234 |   1099 |      0 |   6 |  886.2 |
               +--------+--------+--------+--------+--------+-----+--------+

Top non-repeatable levels by time:
     D:4: 1427 daAuts
     D:3: 1035 daAuts
     D:1: 932 daAuts
     D:2: 806 daAuts
     D:5: 652 daAuts
     D:6: 463 daAuts
